[Event "Titled Tuesday Blitz November 14 Early 2023"]
[White "Papasimakopoulos, Alexandros"]
[Black "Shishkov, Andrei"]
[WhiteFideId "4244125"]
[BlackFideId "4500563"]
[WhiteElo "2665"]
[BlackElo "2478"]
[Result "0-1"]
[Round "3"]
[TimeControl "180+1"]
[Date "2023.11.14"]
[WhiteClock "0:00:52"]
[BlackClock "0:00:06"]
[Board "106"]

1. d4 Nf6 2. c4 e6 3. Nc3 Bb4 4. Qc2 O-O 5. a3 Bxc3+ 6. Qxc3 b5 7. cxb5 c6 8. Bg5 cxb5 9. e3 Bb7 10. Nf3 h6 11. Bh4 Nc6 12. Bxb5 Rc8 13. Bxf6 Qxf6 14. Qd2 e5 15. Bxc6 Qxc6 16. dxe5 Qg6 17. Nh4 Qg5 18. Qd4 Ba6 19. Qf4 Rc2 20. Qxg5 hxg5 21. Nf3 Re2+ 22. Kd1 Rxf2 23. Rg1 Rxb2 24. Rc1 g4 25. Nd4 Re8 26. Rc2 Rb1+ 27. Rc1 Rb2 28. Rc2 Rb1+ 29. Rc1 Rxc1+ 30. Kxc1 Rxe5 31. Kd2 Ra5 32. Ra1 g6 33. g3 Kg7 34. Kc3 Bb7 35. Kb4 Re5 36. Re1 Bf3 37. Nb5 a6 38. Nc7 Rh5 39. Nxa6 Rxh2 40. Nc5 Rg2 41. a4 Rxg3 42. Nxd7 Rg2 43. Ne5 Be4 44. a5 g3 45. Ka3 Rd2 46. Nc4 Rd8 47. Kb4 g2 48. Nb6 Rh8 49. Rg1 Rh1 50. Rxg2 Bxg2 51. a6 Rb1+ 52. Kc5 Ra1 53. Kb5 Bf1+ 0-1


[Site "https://www.chess.com"]

[Event "Titled Tuesday Blitz November 14 Early 2023"]
[White "Pinero Rodriguez, Carlos Jose"]
[Black "Borgaonkar Akshay"]
[WhiteFideId "3901726"]
[BlackFideId "25639110"]
[WhiteElo "2475"]
[BlackElo "2663"]
[Result "1-0"]
[Round "3"]
[TimeControl "180+1"]
[Date "2023.11.14"]
[WhiteClock "0:00:19"]
[BlackClock "0:00:00"]
[Board "107"]

1. e4 c5 2. Nf3 a6 3. c3 e6 4. d4 d5 5. e5 Bd7 6. Bd3 Qb6 7. O-O Bb5 8. dxc5 Bxc5 9. b4 Be7 10. a4 Bxd3 11. Qxd3 Nc6 12. a5 Qc7 13. Bf4 g5 14. Nxg5 Bxg5 15. Bxg5 Qxe5 16. Bh4 Nge7 17. Nd2 Qf5 18. Qe2 Rg8 19. Bg3 h5 20. h4 Ng6 21. b5 Nce5 22. c4 Nf4 23. Bxf4 Qxf4 24. cxd5 O-O-O 25. bxa6 Rxg2+ 26. Kxg2 Rg8+ 27. Kh3 Qf5+ 28. Kh2 Qf4+ 29. Kh3 Qf5+ 30. Kh2 Ng4+ 31. Kh1 Qf4 32. f3 Ne3 33. axb7+ Kb8 34. Qh2 Rg3 35. a6 Ka7 36. b8=Q+ Qxb8 37. Rfb1 Qf4 38. Rb7+ Ka8 39. a7 1-0


[Site "https://www.chess.com"]

[Event "Titled Tuesday Blitz November 14 Early 2023"]
[White "Akylbekov, Nasyr"]
[Black "Skvortsov, Andrei"]
[WhiteFideId "13800353"]
[BlackFideId "24108600"]
[WhiteElo "2475"]
[BlackElo "2661"]
[Result "0-1"]
[Round "3"]
[TimeControl "180+1"]
[Date "2023.11.14"]
[WhiteClock "0:00:05"]
[BlackClock "0:00:05"]
[Board "108"]

1. e4 d5 2. exd5 Qxd5 3. Nc3 Qe5+ 4. Qe2 Qxe2+ 5. Bxe2 Nc6 6. Bf3 Nd4 7. Kd1 Nxf3 8. Nxf3 Bg4 9. Ke2 c6 10. d3 f6 11. h3 Bh5 12. g4 Bf7 13. Be3 e5 14. Nd2 Ne7 15. f4 exf4 16. Bxf4 O-O-O 17. Nde4 Ng6 18. Bg3 b6 19. a4 a5 20. Kf2 Kb7 21. h4 h5 22. g5 f5 23. Nd2 f4 24. Bh2 Bc5+ 25. Kf3 Be3 26. Nde4 Nxh4+ 27. Ke2 Nf5 28. Raf1 Nd4+ 29. Kd1 Ne6 30. Ne2 Bg6 31. Nd2 Rhf8 32. Nf3 Nc5 33. Ne5 Be4 34. Rhg1 f3 35. Ng3 f2 36. Rh1 Bxh1 37. Nxh1 Bxg5 38. Rxf2 Rxf2 39. Nxf2 Nxa4 40. b3 Nc3+ 41. Ke1 Re8 42. Kf1 Bf6 43. Nc4 Rf8 44. Kg2 Be7 45. Be5 g5 46. Bxc3 g4 47. Ne4 Kc7 48. Be5+ Kb7 49. Ncd6+ Ka6 50. Ng3 h4 51. Ngf5 Bxd6 52. Nxd6 Rf3 53. Ne4 h3+ 54. Kg1 b5 55. Bg3 a4 56. bxa4 bxa4 57. Bd6 Re3 58. Nc5+ Ka5 59. c3 Re2 60. Kf1 Rg2 61. Bc7+ Kb5 62. Bd6 a3 63. c4+ Kb6 64. Nd7+ Kb7 65. Bxa3 Ra2 66. Bd6 h2 67. Nc5+ Kc8 68. Bxh2 Rxh2 69. Ne4 Kc7 70. c5 Rc2 71. Kg1 Kb7 72. Nf6 Rxc5 73. Kf2 Rf5+ 0-1


[Site "https://www.chess.com"]

[Event "Titled Tuesday Blitz November 14 Early 2023"]
[White "Ovetchkin, Roman"]
[Black "Ramla2020"]
[WhiteFideId "4119991"]
[WhiteElo "2659"]
[BlackElo "2473"]
[Result "1-0"]
[Round "3"]
[TimeControl "180+1"]
[Date "2023.11.14"]
[WhiteClock "0:00:40"]
[BlackClock "0:00:24"]
[Board "109"]

1. d4 Nf6 2. c4 e6 3. g3 Bb4+ 4. Bd2 a5 5. Bg2 O-O 6. e3 d5 7. Qc2 dxc4 8. Qxc4 Nbd7 9. Nc3 Nb6 10. Qe2 c5 11. dxc5 Bxc5 12. Nf3 Qe7 13. O-O Bd7 14. Ne5 Nbd5 15. Nxd7 Qxd7 16. Rfd1 Nxc3 17. Bxc3 Qe7 18. a3 Rad8 19. Bxa5 b6 20. Be1 Qa7 21. Rxd8 Rxd8 22. Rd1 Re8 23. Qb5 Qc7 24. Qc6 Qxc6 25. Bxc6 Rc8 26. Bb7 Rc7 27. Bf3 h5 28. Bc3 Be7 29. h3 b5 30. Kf1 g5 31. g4 hxg4 32. hxg4 Nd7 33. Be2 Rb7 34. Bxb5 Nf6 35. Bc6 Rc7 36. Bf3 Ne8 37. a4 Nd6 38. Be5 Rd7 39. a5 f6 40. Bxd6 Rxd6 41. Rxd6 Bxd6 42. Ke2 Kf8 43. Kd3 Bb4 44. a6 Bc5 45. Kc4 Ba7 46. Kb5 Ke7 47. Kc6 Kd8 48. Kb7 1-0


[Site "https://www.chess.com"]

[Event "Titled Tuesday Blitz November 14 Early 2023"]
[White "Tomb, Maroun"]
[Black "Yen, William"]
[WhiteFideId "5300398"]
[BlackFideId "30932025"]
[WhiteElo "2472"]
[BlackElo "2658"]
[Result "0-1"]
[Round "3"]
[TimeControl "180+1"]
[Date "2023.11.14"]
[WhiteClock "0:00:10"]
[BlackClock "0:00:26"]
[Board "110"]

1. e4 c5 2. Ne2 Nc6 3. Nbc3 Nf6 4. g3 g6 5. d4 Bg7 6. d5 Ne5 7. Bg2 d6 8. f4 Ned7 9. O-O O-O 10. h3 a6 11. a4 Rb8 12. a5 b5 13. axb6 Qxb6 14. Kh2 Ne8 15. Ra2 Nc7 16. Be3 Nb5 17. Na4 Qc7 18. c4 Nd4 19. Nxd4 cxd4 20. Bxd4 Qxc4 21. Bxg7 Kxg7 22. Nc3 Nc5 23. e5 Rd8 24. Rf3 Bf5 25. Bf1 Qb4 26. g4 Be4 27. Re3 dxe5 28. fxe5 Bxd5 29. Nxd5 Rxd5 30. Qxd5 Qf4+ 31. Rg3 Ne4 32. Ra3 Rxb2+ 33. Bg2 Rxg2+ 34. Kxg2 Qf2+ 35. Kh1 Nxg3+ 36. Rxg3 Qxg3 37. e6 Qxh3+ 38. Kg1 Qxg4+ 39. Kh2 Qxe6 0-1


[Site "https://www.chess.com"]

[Event "Titled Tuesday Blitz November 14 Early 2023"]
[White "Yurasova, Daria"]
[Black "Bao, Qilin"]
[WhiteFideId "34146919"]
[BlackFideId "8605750"]
[WhiteElo "2471"]
[BlackElo "2657"]
[Result "1-0"]
[Round "3"]
[TimeControl "180+1"]
[Date "2023.11.14"]
[WhiteClock "0:00:07"]
[BlackClock "0:00:00"]
[Board "111"]

1. d4 Nf6 2. Bg5 c5 3. d5 d6 4. Bxf6 gxf6 5. e4 Qb6 6. Nd2 Qxb2 7. Rb1 Qa3 8. Ngf3 a6 9. Bd3 Nd7 10. O-O b5 11. Be2 Bh6 12. c4 b4 13. Nb3 Nb6 14. Nh4 Na4 15. Qc2 Nc3 16. Ra1 Rg8 17. Nf5 Bxf5 18. exf5 O-O-O 19. Bf3 Bf4 20. Rfe1 Be5 21. g3 Rd7 22. Kh1 Rc7 23. Bh5 Rf8 24. f4 Bd4 25. Nxd4 cxd4 26. Qd3 Nb5 27. Qe4 Nc3 28. Qxd4 Qa5 29. a3 b3 30. Rac1 Na4 31. Rb1 Nc5 32. Rec1 Qb6 33. Bd1 Rb7 34. Rc3 Kc7 35. Qe3 Kd7 36. Qf3 Rfb8 37. Re3 b2 38. Qe2 Re8 39. Qg2 Kd8 40. Re2 Qa5 41. Qf1 Qc3 42. Rc2 Qd4 43. Qe2 Ne4 44. Kg2 Nc3 45. Rxc3 Qxc3 46. Ba4 Kc7 47. Bxe8 Rb3 48. Bxf7 Rb7 49. Qxe7+ Kb8 50. Qd8+ Ka7 51. Qxd6 Qc2+ 52. Kh3 Qxb1 53. Qc5+ Ka8 54. Qf8+ Ka7 55. Qc5+ Ka8 56. Qc8+ Rb8 57. Qc6+ 1-0


[Site "https://www.chess.com"]

[Event "Titled Tuesday Blitz November 14 Early 2023"]
[White "Raahul V S"]
[Black "Aash20"]
[WhiteFideId "25035525"]
[WhiteElo "2655"]
[BlackElo "2470"]
[Result "1-0"]
[Round "3"]
[TimeControl "180+1"]
[Date "2023.11.14"]
[WhiteClock "0:00:25"]
[BlackClock "0:00:22"]
[Board "112"]

1. a3 d5 2. d4 Nf6 3. Nf3 c5 4. e3 Nc6 5. dxc5 e5 6. b4 Bg4 7. Be2 a5 8. b5 Bxf3 9. Bxf3 Na7 10. Bb2 Bxc5 11. Bxe5 O-O 12. a4 Qe7 13. Bd4 Rad8 14. O-O Nc8 15. Qd2 Bxd4 16. Qxd4 Qb4 17. Qxb4 axb4 18. Nd2 Nb6 19. Rfb1 Rc8 20. Ra2 Nc4 21. Nxc4 Rxc4 22. Be2 Rc3 23. Rxb4 Rfc8 24. Bd1 Kf8 25. a5 Ke7 26. a6 bxa6 27. bxa6 Ra8 28. h3 Kd6 29. Rb6+ Rc6 30. Rxc6+ Kxc6 31. Be2 Ne4 32. Bd3 Nc5 33. Kf1 Kb6 34. Ke2 Ka7 35. Ra5 Rc8 36. Kd2 h6 37. f3 Rc7 38. Be2 Kb6 39. Rb5+ Ka7 40. Rb4 Rd7 41. Kc3 Ne6 42. Bd3 Rc7+ 43. Kd2 Nc5 44. Rd4 Nxa6 45. Ra4 Rc6 46. c4 dxc4 47. Bxc4 Kb7 48. Bd5 Nc5 49. Bxc6+ Kxc6 50. Ra7 Nd7 51. Kc3 Kd6 52. Kd4 g6 53. Rxd7+ Kxd7 54. Kd5 Ke7 55. Ke5 f6+ 56. Kd5 Kd7 57. e4 g5 58. g3 Ke7 59. f4 Kf7 60. f5 h5 61. Kd6 g4 62. h4 Kf8 63. Ke6 Kg7 64. Ke7 Kh6 65. Kxf6 Kh7 66. Kg5 Kg7 67. Kxh5 Kf7 68. Kxg4 Kf6 69. Kf4 Kf7 70. e5 Kg7 71. Kg5 1-0


[Site "https://www.chess.com"]

[Event "Titled Tuesday Blitz November 14 Early 2023"]
[White "Berezin, Viktor"]
[Black "Yaran, Siar"]
[WhiteFideId "14107872"]
[BlackFideId "6323006"]
[WhiteElo "2470"]
[BlackElo "2654"]
[Result "0-1"]
[Round "3"]
[TimeControl "180+1"]
[Date "2023.11.14"]
[WhiteClock "0:00:07"]
[BlackClock "0:00:13"]
[Board "113"]

1. Nf3 Nf6 2. c4 e6 3. g3 d5 4. Bg2 Be7 5. O-O O-O 6. b3 c5 7. Bb2 d4 8. b4 Nc6 9. bxc5 e5 10. d3 Bxc5 11. Ba3 Nd7 12. Bxc5 Nxc5 13. Nfd2 Bf5 14. Nb3 Ne6 15. N1d2 Qc7 16. c5 a5 17. a4 Nb4 18. Rc1 Na2 19. Rc4 Nc3 20. Qe1 Ra6 21. Nb1 Na2 22. Qd2 Nb4 23. Rfc1 Qd7 24. Nxa5 Rxa5 25. Qxb4 Rfa8 26. c6 bxc6 27. Bxc6 Qd8 28. Bxa8 Rxa8 29. Qb7 Nf8 30. Qf3 Be6 31. Rc7 Bd5 32. Qg4 Ne6 33. R7c2 g6 34. Nd2 Kg7 35. Nf3 Qf6 36. Rc8 Rxa4 37. Rb8 Ra2 38. Nh4 h5 39. Qh3 Rxe2 40. Qf1 Rd2 41. Rcc8 Ng5 42. Rg8+ Kh7 43. Rh8+ Qxh8 44. Rxh8+ Kxh8 45. f3 Bb3 46. Qe1 Rd1 47. Kf2 Rxe1 48. Kxe1 Kg7 49. Kf2 f5 50. f4 exf4 51. gxf4 Ne6 52. Ng2 Bd5 53. Ne1 Nxf4 54. Kg3 g5 55. h4 Kf6 56. hxg5+ Kxg5 57. Nf3+ Bxf3 58. Kxf3 Nxd3 0-1


[Site "https://www.chess.com"]

[Event "Titled Tuesday Blitz November 14 Early 2023"]
[White "Khater, Sherif"]
[Black "Domingo Nunez, Alejandro"]
[WhiteFideId "2034280"]
[BlackFideId "22245561"]
[WhiteElo "2652"]
[BlackElo "2468"]
[Result "0-1"]
[Round "3"]
[TimeControl "180+1"]
[Date "2023.11.14"]
[WhiteClock "0:00:06"]
[BlackClock "0:00:11"]
[Board "114"]

1. Nf3 Nf6 2. e3 g6 3. b3 Bg7 4. Bb2 O-O 5. d4 d6 6. Nbd2 Nbd7 7. Bd3 c5 8. dxc5 Nxc5 9. Be2 Bd7 10. O-O b5 11. Nd4 Rb8 12. Bf3 Qb6 13. Be2 Rfc8 14. c4 bxc4 15. Nxc4 Qd8 16. Rc1 a5 17. Ba1 a4 18. bxa4 Bxa4 19. Qd2 Nfe4 20. Qe1 d5 21. Nd2 Nd6 22. N4f3 Bxa1 23. Rxa1 Rb2 24. Qc1 Nd3 25. Bxd3 Rxc1 26. Rfxc1 Qa5 27. Nb3 Qb6 28. Nbd4 f6 29. Ne6 Nc4 30. Bxc4 dxc4 31. Nf4 Bc2 32. Nd5 Qc5 33. Nc3 Qa3 34. Nd5 Rxa2 35. Rxa2 Qxc1+ 0-1


[Site "https://www.chess.com"]

[Event "Titled Tuesday Blitz November 14 Early 2023"]
[White "arenal72"]
[Black "Kleiman, Jake"]
[BlackFideId "2020041"]
[WhiteElo "2465"]
[BlackElo "2649"]
[Result "1-0"]
[Round "3"]
[TimeControl "180+1"]
[Date "2023.11.14"]
[WhiteClock "0:00:10"]
[BlackClock "0:00:33"]
[Board "115"]

1. Nf3 d5 2. g3 e6 3. Bg2 Nf6 4. O-O g6 5. d3 Bg7 6. c4 O-O 7. e3 b6 8. Nc3 Bb7 9. Qc2 c5 10. b3 Nc6 11. a3 Qe7 12. Bb2 Rfd8 13. Rad1 Rd7 14. cxd5 exd5 15. d4 Rdd8 16. Rfe1 Rac8 17. Qb1 Na5 18. Ba1 Ne4 19. Nxe4 dxe4 20. Nd2 cxd4 21. Nxe4 dxe3 22. Rxd8+ Qxd8 23. Rxe3 Bxa1 24. Qxa1 Bxe4 25. Bxe4 Qd2 26. Kg2 Re8 27. Qf6 Re6 28. Qf3 Kg7 29. Rd3 Qb2 30. Bd5 Rf6 31. Qe3 Qxa3 32. Qd4 Qd6 33. Qe4 b5 34. Bxf7 Qc7 35. Bd5 Nc6 36. Rc3 Qe5 37. Rxc6 Qxe4+ 38. Bxe4 Rxc6 39. Bxc6 b4 40. Kf3 Kf6 41. Ke4 Ke6 42. Kd4 Kd6 43. Ba4 a5 44. f4 h6 45. Kc4 Ke6 46. Bc6 Kd6 47. Be4 g5 48. Kb5 gxf4 49. gxf4 Ke6 50. Kxa5 Kf6 51. Kxb4 1-0


[Site "https://www.chess.com"]

[Event "Titled Tuesday Blitz November 14 Early 2023"]
[White "Devaev, Alexander"]
[Black "Degenbaev, Aziz"]
[WhiteFideId "4169395"]
[BlackFideId "13802640"]
[WhiteElo "2460"]
[BlackElo "2648"]
[Result "0-1"]
[Round "3"]
[TimeControl "180+1"]
[Date "2023.11.14"]
[WhiteClock "0:00:00"]
[BlackClock "0:00:24"]
[Board "116"]

1. Nf3 Nf6 2. c4 g6 3. Nc3 Bg7 4. e4 d6 5. d4 O-O 6. h3 a6 7. a4 Nbd7 8. Bg5 c5 9. d5 h6 10. Be3 Qa5 11. Bd2 Qc7 12. Be2 e6 13. dxe6 fxe6 14. e5 dxe5 15. Qc2 g5 16. h4 g4 17. Nh2 h5 18. Nf1 Nb8 19. Ng3 Nc6 20. O-O Nd4 21. Qd1 Bd7 22. Bd3 Bc6 23. Bg5 Qf7 24. Qb1 e4 25. Ncxe4 Nxe4 26. Bxe4 Bxe4 27. Qxe4 Nf5 28. Rae1 Bd4 29. Nxf5 exf5 30. Qe6 Rae8 31. Qh6 Bg7 32. Qd6 Qxc4 33. Rxe8 Rxe8 0-1


[Site "https://www.chess.com"]

[Event "Titled Tuesday Blitz November 14 Early 2023"]
[White "Makhnev, Denis"]
[Black "UNSTOPPABLE_LEGEND"]
[WhiteFideId "13707647"]
[WhiteElo "2644"]
[BlackElo "2460"]
[Result "1-0"]
[Round "3"]
[TimeControl "180+1"]
[Date "2023.11.14"]
[WhiteClock "0:01:13"]
[BlackClock "0:01:07"]
[Board "117"]

1. Nf3 d5 2. c4 d4 3. g3 c5 4. Bg2 Nc6 5. O-O e5 6. e3 Nf6 7. exd4 exd4 8. Re1+ Be7 9. d3 O-O 10. Ne5 Nxe5 11. Rxe5 Bd6 12. Re1 h6 13. Nd2 Qc7 14. Ne4 Nxe4 15. Bxe4 Bd7 16. Qh5 Rae8 17. Bd2 Re5 18. Qf3 b6 19. Bf4 Re7 20. Bh7+ Kxh7 21. Rxe7 Bxf4 22. Qxf4 Qxf4 23. gxf4 Bf5 24. Rd1 Kg6 25. Rxa7 Re8 26. Rb7 Re6 27. Kg2 Bg4 28. Rd2 h5 29. a3 h4 30. b4 Kf5 31. Rxf7+ Kg6 32. Rc7 Kf5 33. Rxg7 Kxf4 34. Rf7+ Kg5 35. h3 Bh5 36. Rc7 Kf4 37. bxc5 bxc5 38. Rxc5 Bf3+ 39. Kf1 Rb6 40. Rb5 Ra6 41. Ra2 Rg6 42. Rd5 Rb6 43. Rxd4+ Ke5 44. Re4+ Bxe4 45. dxe4 Kxe4 46. a4 Kd4 47. a5 Ra6 48. Ke2 Kxc4 49. Kf3 1-0


[Site "https://www.chess.com"]

[Event "Titled Tuesday Blitz November 14 Early 2023"]
[White "Kashtanov, Ruslan"]
[Black "Adla, Diego"]
[WhiteFideId "4124871"]
[BlackFideId "100072"]
[WhiteElo "2451"]
[BlackElo "2639"]
[Result "0-1"]
[Round "3"]
[TimeControl "180+1"]
[Date "2023.11.14"]
[WhiteClock "0:00:13"]
[BlackClock "0:02:10"]
[Board "118"]

1. e4 e5 2. Nf3 Nc6 3. d4 exd4 4. Bc4 Nf6 5. e5 d5 6. Bb5 Ne4 7. Nxd4 Bc5 8. Be3 O-O 9. Nxc6 bxc6 10. Bxc5 Nxc5 11. Bxc6 Rb8 12. Qxd5 Qe7 13. O-O Rxb2 14. Na3 Ne6 15. Nc4 Rd8 16. Qa5 Rxc2 17. Rac1 Rxc1 18. Rxc1 Nd4 0-1


[Site "https://www.chess.com"]

[Event "Titled Tuesday Blitz November 14 Early 2023"]
[White "Estrada Nieto, Julian"]
[Black "Pastar, Slaven"]
[WhiteFideId "5101018"]
[BlackFideId "14402718"]
[WhiteElo "2451"]
[BlackElo "2638"]
[Result "0-1"]
[Round "3"]
[TimeControl "180+1"]
[Date "2023.11.14"]
[WhiteClock "0:00:13"]
[BlackClock "0:00:53"]
[Board "119"]

1. e4 b6 2. d4 Bb7 3. Nc3 e6 4. Nf3 Bb4 5. Bd3 Nf6 6. Qe2 d5 7. exd5 Qxd5 8. Bd2 Bxc3 9. bxc3 Qh5 10. O-O O-O 11. Bf4 c5 12. Ne5 Qxe2 13. Bxe2 Nbd7 14. Nxd7 Nxd7 15. a4 Rac8 16. Bb5 Nf6 17. dxc5 bxc5 18. Rfd1 Nd5 19. Bd2 c4 20. a5 Rc5 21. Rdb1 Bc8 22. Ra4 a6 23. Bxc4 Bd7 24. Bxd5 Bxa4 25. Be4 Bb5 26. Ra1 Rd8 27. Be1 f5 28. Bf3 g5 29. h3 Kg7 30. g3 Kg6 31. Kg2 h5 32. g4 hxg4 33. hxg4 Bc6 34. Bxc6 Rxc6 35. f3 Rd5 36. Kf1 Rcc5 37. Bf2 Rxa5 38. Re1 Kf7 39. Bd4 e5 40. Bb6 Ra2 41. gxf5 Rxc2 42. Bc7 Kf6 43. Re3 Rd1+ 44. Re1 Rxe1+ 45. Kxe1 Rxc3 46. Bd8+ Kxf5 47. Ba5 Rxf3 0-1


[Site "https://www.chess.com"]

[Event "Titled Tuesday Blitz November 14 Early 2023"]
[White "Bodnaruk, Anastasia"]
[Black "Mikhalsky, Vladimir"]
[WhiteFideId "4181751"]
[BlackFideId "14144352"]
[WhiteElo "2633"]
[BlackElo "2450"]
[Result "1-0"]
[Round "3"]
[TimeControl "180+1"]
[Date "2023.11.14"]
[WhiteClock "0:00:25"]
[BlackClock "0:00:00"]
[Board "120"]

1. e4 g6 2. d4 Bg7 3. Nc3 d6 4. Be3 a6 5. Qd2 Nd7 6. h4 h5 7. Nh3 b5 8. O-O-O Nb6 9. Ng5 b4 10. Nb1 a5 11. d5 Bd7 12. Bd4 Nf6 13. f3 c5 14. dxc6 Bxc6 15. Qf2 Nbd7 16. Nd2 O-O 17. g4 e5 18. Be3 d5 19. exd5 Bxd5 20. Nde4 hxg4 21. Nxf6+ Nxf6 22. Bc4 Rc8 23. Bxd5 Nxd5 24. h5 g3 25. Qe2 g2 26. Rhg1 Bh6 27. Rxg2 f6 28. Qd3 fxg5 29. Qxg6+ Bg7 30. h6 Rf7 31. hxg7 Nxe3 32. Rxd8+ Rxd8 33. Rd2 Rxd2 34. Kxd2 Nf5 35. Qxg5 Nd4 36. Qd8+ Kxg7 37. Ke3 Rxf3+ 38. Ke4 Rf4+ 39. Kd5 Nxc2 40. Kxe5 Rf7 41. Qg5+ Kf8 42. Qh6+ Ke8 43. Qc6+ Rd7 44. Qxc2 Ke7 45. Qc5+ Kf7 46. Qxa5 1-0


[Site "https://www.chess.com"]

[Event "Titled Tuesday Blitz November 14 Early 2023"]
[White "Asavasaetakul, Chawit"]
[Black "Makaraci, Tunahan"]
[WhiteFideId "6204856"]
[BlackFideId "6356559"]
[WhiteElo "2633"]
[BlackElo "2450"]
[Result "0-1"]
[Round "3"]
[TimeControl "180+1"]
[Date "2023.11.14"]
[WhiteClock "0:00:56"]
[BlackClock "0:00:07"]
[Board "121"]

1. e4 Nf6 2. e5 Nd5 3. Nc3 Nxc3 4. dxc3 d6 5. Bc4 Nc6 6. Nf3 dxe5 7. Bxf7+ Kxf7 8. Nxe5+ Kg8 9. Qe2 Nxe5 10. Qxe5 Qd6 11. Qe2 Be6 12. O-O Bf7 13. Re1 Rd8 14. Be3 e6 15. Bxa7 b6 16. a4 Ra8 17. Qa6 Be7 18. a5 bxa5 19. Qb7 Qd5 20. Qxc7 Bd6 21. Qxa5 Qxa5 22. Rxa5 h6 23. Rea1 Kh7 24. Be3 Rab8 25. b4 Rhc8 26. Bd2 Bg6 27. R1a2 Be7 28. Kf1 Bf6 29. R5a3 Rd8 30. Ke2 Rbc8 31. b5 Be4 32. f3 Bd5 33. Rb2 Bc4+ 34. Ke1 Rd5 35. b6 Rcd8 36. Be3 Bh4+ 37. g3 Bf6 38. b7 Rb8 39. Ra8 Rdd8 40. Rxb8 Rxb8 41. Kd2 Bd5 42. Rb6 Rxb7 43. Ra6 Rd7 44. Ke2 Bc4+ 45. Kf2 Bxa6 0-1


[Site "https://www.chess.com"]

[Event "Titled Tuesday Blitz November 14 Early 2023"]
[White "Fernandez, Michael"]
[Black "Kamalidenova, Meruert"]
[WhiteFideId "5803560"]
[BlackFideId "13712802"]
[WhiteElo "2446"]
[BlackElo "2632"]
[Result "0-1"]
[Round "3"]
[TimeControl "180+1"]
[Date "2023.11.14"]
[WhiteClock "0:00:00"]
[BlackClock "0:02:00"]
[Board "122"]

1. b4 Nf6 2. Bb2 g6 3. b5 Bg7 4. a4 O-O 5. g3 d5 6. Bg2 a6 7. Nf3 axb5 8. axb5 Rxa1 9. Bxa1 c6 10. O-O cxb5 11. Nc3 b4 12. Nb5 Nc6 13. Ne5 Qb6 14. Nxc6 bxc6 15. Nd4 c5 16. Nb3 Ba6 17. Re1 Rd8 18. d3 e6 19. Qb1 c4 20. dxc4 dxc4 21. Nc1 Ng4 22. e3 Rd2 23. Bxg7 Kxg7 24. Ne2 c3 25. h3 Bxe2 26. hxg4 Bxg4 27. Qb3 Bf5 28. Rc1 e5 29. Qc4 Be6 30. Qe4 Qc5 31. f4 exf4 32. gxf4 Re2 33. Kh2 Rxe3 0-1


[Site "https://www.chess.com"]

[Event "Titled Tuesday Blitz November 14 Early 2023"]
[White "szachmistrz2500"]
[Black "Parkhov, Yair"]
[BlackFideId "2813408"]
[WhiteElo "2446"]
[BlackElo "2631"]
[Result "0-1"]
[Round "3"]
[TimeControl "180+1"]
[Date "2023.11.14"]
[WhiteClock "0:00:21"]
[BlackClock "0:00:20"]
[Board "123"]

1. Nf3 Nf6 2. g3 g6 3. d3 Bg7 4. e4 O-O 5. Bg2 c5 6. O-O Nc6 7. c3 d6 8. Re1 Bg4 9. Nbd2 b5 10. h3 Bxf3 11. Nxf3 Nd7 12. Qe2 b4 13. Bd2 bxc3 14. Bxc3 Nd4 15. Nxd4 cxd4 16. Bd2 Rc8 17. Rec1 Qb6 18. b4 Qa6 19. f4 Rxc1+ 20. Bxc1 Rc8 21. a4 Rc3 22. Bf1 e5 23. Bd2 Rc2 24. Qd1 Qc8 25. Rc1 Rxc1 26. Qxc1 Qxc1 27. Bxc1 Bf6 28. Kf2 Nb6 29. a5 Na4 30. Ke2 Nc3+ 31. Kd2 d5 32. Bb2 dxe4 33. dxe4 Nxe4+ 34. Ke1 Nxg3 35. fxe5 Bxe5 36. Bg2 Nf5 37. b5 Bc7 38. Be4 Bxa5+ 39. Ke2 Bc3 40. Ba3 Ng3+ 41. Kf3 Nxe4 42. Kxe4 f5+ 43. Kf4 d3 44. Ke3 d2 45. Bc5 d1=Q 0-1


[Site "https://www.chess.com"]

[Event "Titled Tuesday Blitz November 14 Early 2023"]
[White "Hristodoulou, Panagiotis"]
[Black "Remolar Gallen, Jose"]
[WhiteFideId "4214340"]
[BlackFideId "2215187"]
[WhiteElo "2630"]
[BlackElo "2444"]
[Result "1-0"]
[Round "3"]
[TimeControl "180+1"]
[Date "2023.11.14"]
[WhiteClock "0:00:09"]
[BlackClock "0:00:01"]
[Board "124"]

1. e4 g6 2. d4 Bg7 3. Nc3 c6 4. Bc4 d5 5. exd5 b5 6. Bb3 b4 7. Na4 cxd5 8. a3 bxa3 9. Rxa3 Nf6 10. Nf3 O-O 11. O-O Nc6 12. h3 Ne4 13. c3 Na5 14. Bc2 Nc4 15. Ra1 Bf5 16. Re1 Qd7 17. Qe2 Ncd6 18. Bf4 Rfe8 19. Ne5 Qb7 20. Nd3 Rac8 21. Nac5 Qb8 22. Nxe4 Bxe4 23. Ra2 Rc7 24. Nc5 Bxc2 25. Qxc2 Qc8 26. Bxd6 exd6 27. Rxe8+ Qxe8 28. Nb3 Re7 29. Ra1 Re2 30. Qc1 Qe4 31. Nd2 Qd3 32. Nf3 Rc2 33. Qf1 Qe4 34. Qb5 Bh6 35. Qb8+ Kg7 36. Qxd6 Rxb2 37. Qe5+ Qxe5 38. Nxe5 Bd2 39. Rxa7 Bxc3 40. Rxf7+ Kg8 41. Rf4 Rb4 42. Nc6 Rc4 43. Ne7+ Kg7 44. Nxd5 Rxd4 45. Rxd4 Bxd4 46. Nf4 Be5 47. Ne2 g5 48. g3 Kg6 49. Kg2 h5 50. Kf3 Bc7 51. Ke4 Bb6 52. f3 Bc7 53. g4 hxg4 54. hxg4 Kf6 55. Kd5 Be5 56. Nd4 Bc7 57. Nb5 Bb6 58. Nd6 Be3 59. Ne4+ Kg6 60. Ke6 Bf4 61. Nc3 Bd2 62. Nd5 Bc1 63. Ne7+ Kh6 64. Kf5 Ba3 65. Kf6 Bb2+ 66. Kf7 Bc1 67. Nf5+ Kh7 68. Kf6 Bd2 69. Nd6 Kh6 70. Nf7+ Kh7 71. Nxg5+ Kg8 72. Ne4 Bb4 73. Kg6 Ba3 74. f4 Bb2 75. f5 Ba1 76. f6 Kf8 77. Ng5 Bd4 78. Ne6+ 1-0


[Site "https://www.chess.com"]

[Event "Titled Tuesday Blitz November 14 Early 2023"]
[White "Stark, Lars"]
[Black "Jesseinkman"]
[WhiteFideId "4676386"]
[WhiteElo "2629"]
[BlackElo "2441"]
[Result "0-1"]
[Round "3"]
[TimeControl "180+1"]
[Date "2023.11.14"]
[WhiteClock "0:00:00"]
[BlackClock "0:00:06"]
[Board "125"]

1. c4 c5 2. g3 Nc6 3. Bg2 Nf6 4. Nc3 e6 5. Nf3 Be7 6. O-O O-O 7. a3 d5 8. cxd5 exd5 9. d4 c4 10. Ne5 Be6 11. Bf4 Na5 12. e4 Rc8 13. Qa4 a6 14. Rad1 b5 15. Qc2 Nb3 16. Be3 h6 17. h3 dxe4 18. Nxe4 Nxe4 19. Qxe4 f5 20. Qb7 Qd6 21. Nc6 Bf6 22. Bf4 Qd7 23. Qxa6 Bd5 24. Ne5 Qe6 25. Qxe6+ Bxe6 26. d5 Bf7 27. d6 Bxe5 28. Bxe5 Nc5 29. d7 Rcd8 30. Bc6 Be6 31. Bxb5 Bxd7 32. Bxc4+ Be6 33. Bxe6+ Nxe6 34. Rfe1 Ng5 35. Kg2 Rfe8 36. Rxd8 Rxd8 37. Bc3 Ne4 38. Re3 Rd1 39. f3 Nc5 40. Re7 Nd3 41. Rxg7+ Kf8 42. g4 f4 43. h4 Rc1 44. Rc7 Rc2+ 45. Kf1 Rf2+ 46. Kg1 Rxf3 47. a4 Rg3+ 48. Kf1 f3 49. Rd7 f2 50. a5 Rg1+ 51. Ke2 f1=Q+ 52. Ke3 Rg3+ 53. Ke4 Rxg4+ 54. Kd5 Qf3+ 55. Kd6 Rg6+ 56. Kc7 Qc6+ 57. Kd8 Rd6 58. Rxd6 Qxd6+ 59. Kc8 Qc6+ 60. Kb8 Nc5 61. Bb4 Ke8 0-1


[Site "https://www.chess.com"]

[Event "Titled Tuesday Blitz November 14 Early 2023"]
[White "Joie, Sebastien"]
[Black "Al-Tarboush, Ward"]
[WhiteFideId "650420"]
[BlackFideId "7601450"]
[WhiteElo "2440"]
[BlackElo "2627"]
[Result "0-1"]
[Round "3"]
[TimeControl "180+1"]
[Date "2023.11.14"]
[WhiteClock "0:00:00"]
[BlackClock "0:00:41"]
[Board "126"]

1. d4 d5 2. c4 c6 3. Nc3 Nf6 4. e3 e6 5. Nf3 Nbd7 6. Bd3 dxc4 7. Bxc4 b5 8. Bd3 Bd6 9. O-O O-O 10. Qc2 Bb7 11. e4 e5 12. dxe5 Nxe5 13. Nxe5 Bxe5 14. h3 Re8 15. Be3 Qc7 16. f4 Bxc3 17. bxc3 c5 18. e5 c4 19. Be2 Nd5 20. Bd4 Rad8 21. Rad1 b4 22. cxb4 c3 23. a3 a5 24. b5 Rc8 25. Kh1 Qe7 26. Bf3 Qxa3 27. e6 Rxe6 28. f5 Rh6 29. f6 Nb4 30. Qf5 g6 31. Qg5 Rh5 32. Bxh5 c2 33. Rc1 Qxh3+ 34. Kg1 Qxh5 35. Qg3 Na2 36. Ra1 c1=Q 37. Raxc1 Nxc1 38. Bc3 Ne2+ 0-1


[Site "https://www.chess.com"]